 Dungeon Crawl Stone Soup version 0.27-a0-720-g3f424a255b (webtiles) character file.

Game seed: 14919504561124641091

78 PentaManta the Ducker (level 4, -2/24 HPs)
             Began as a Spriggan Abyssal Knight on Mar 23, 2021.
             Was a Believer of Lugonu.
             Succumbed to an adder's poison
             ... on level 3 of the Dungeon.
             The game lasted 00:05:53 (3351 turns).

PentaManta the Ducker (Spriggan Abyssal Knight)     Turns: 3351, Time: 00:05:54

Health: -2/24      AC:  2    Str:  8    XL:     4   Next: 15%
Magic:  6/6        EV: 18    Int: 13    God:    Lugonu [**....]
Gold:   50         SH:  0    Dex: 15    Spells: 3/3 levels left

rFire    . . .     SeeInvis +   a - +1 short sword
rCold    . . .     Faith    .   (shield restricted)
rNeg     . . .     Spirit   .   b - +0 robe
rPois    .         Reflect  .   (helmet restricted)
rElec    .         Harm     .   (no cloak)
rCorr    .         Rampage  .   (gloves unavailable)
Will     .....                  (boots unavailable)
Stlth    ++........             (no amulet)
HPRegen  0.08/turn              (no ring)
MPRegen  0.10/turn              (no ring)

@: lethally poisoned (-2 -> -21), very quick
A: very small, no large weapons, unfitting armour, see invisible, speed 3
a: Renounce Religion, Depart the Abyss, Bend Space


You were on level 3 of the Dungeon.
You worshipped Lugonu.
Lugonu was pleased with you.
You visited 1 branch of the dungeon, and saw 3 of its levels.
You visited the Abyss 1 time.

You collected 50 gold pieces.

Inventory:

Hand Weapons
 a - a +1 short sword (weapon)
 d - a +0 dagger
Missiles
 c - 66 stones
 h - 11 poisoned darts (quivered)
Armour
 b - a +0 robe (worn)
Scrolls
 e - 2 scrolls of teleportation {unknown}


   Skills:
 + Level 3.1 Fighting
 - Level 2.1 Short Blades
 + Level 4.4 Dodging
 + Level 3.4 Stealth
 - Level 1.7 Invocations


You had 3 spell levels left.
You didn't know any spells.
Your spell library was empty.

Dungeon Overview and Level Annotations

Branches:
Dungeon (3/15)

Altars:
Ashenzari

Annotations:
D:3 Sigmund


Innate Abilities, Weirdness & Mutations

You are very small and have problems with some larger weapons.
You are too small for most types of armour.
You have supernaturally acute eyesight. (SInv)
You cover ground extremely quickly. (Speed+++)


Message History

The quokka moves out of view.
The goblin barely misses you.
You hit the goblin.
The goblin is severely wounded.
The adder bites you. The goblin misses you. The adder barely misses you.
You closely miss the goblin.
The goblin is severely wounded.
The goblin barely misses you. The adder barely misses you.
You barely miss the adder. The adder bites you.
You are poisoned.
The adder poisons you! The goblin hits you but does no damage.
You hit the adder.
The adder is moderately wounded.
You feel very sick. The adder misses you. The goblin hits you with a +0 club.
You closely miss the adder.
The adder is moderately wounded.
You feel sick. The adder closely misses you. The goblin barely misses you.
The adder barely misses you. The hobgoblin barely misses you.
You aren't carrying any potions.
A kobold comes into view. It is wielding a +0 short sword.
You feel sick.
The kobold shouts!
You feel sick.
You feel sick.
You are no longer poisoned.
The hobgoblin hits the plant.
The plant begins to die.
You hit the adder.
The adder is heavily wounded.
The adder misses you.
The hobgoblin hits the plant!
The adder closely misses you.
The kobold hits the plant with a +0 short sword.
You closely miss the adder.
The adder is heavily wounded.
The adder bites you.
* * * LOW HITPOINT WARNING * * *
You are lethally poisoned!
The adder poisons you!
The hobgoblin hits the plant.
The kobold hits the plant with a +0 short sword.
You die...

### #.. #.# #.#
#.# ##.##.###.
#####g........
#..SgK.......#
#@##PP.###.#.#
#####.#P.........
#.....#.P...P....#
#<###.#.P....... .
#.# #.#..?.....>
#.# #.#......#..
#.# #.#......#..
#.# #.. #.# #..


You could see an adder, a hobgoblin, a goblin and a kobold.

Vanquished Creatures
  Robin (D:2)
  An adder (D:3)
  A worm (D:2)
  5 bats
  3 giant cockroaches
  13 goblins
  9 hobgoblins
  2 jackals (D:1)
  A kobold (D:1)
  5 oozes
  2 ball pythons (D:2)
  A frilled lizard (D:3)
  7 rats
51 creatures vanquished.

Notes
Turn   | Place    | Note
-------+----------+-------------------------------------------
     0 | Abyss:1  | PentaManta the Spriggan Abyssal Knight began the quest for
                  | the Orb.
     0 | Abyss:1  | Reached XP level 1. HP: 11/11 MP: 3/3
    18 | D:1      | Escaped the Abyss
   105 | D:1      | Reached skill level 1 in Stealth
   240 | D:1      | Reached XP level 2. HP: 11/16 MP: 4/4
  1007 | D:1      | You fall into a shaft and drop 1 floor!
  1007 | D:2      | Noticed Robin
  1335 | D:2      | Reached XP level 3. HP: 19/19 MP: 5/5
  1337 | D:2      | Reached ** piety under Lugonu
  1374 | D:2      | Reached skill level 4 in Dodging
  1632 | D:2      | Found a broken altar of Ashenzari.
  2461 | D:2      | Killed Robin
  2998 | D:3      | Reached XP level 4. HP: 9/24 MP: 6/6
  3225 | D:3      | Noticed Sigmund
  3351 | D:3      | Succumbed to an adder's poison

Illustrated notes

Levels and vault maps discovered:
D:1:      amcnicky_arrival_wind_blow, layout_basic
D:2:      layout_basic, general_overflow_altar, uniq_robin
D:3:      cheibrodos_old_hovel, layout_loops_ring, nzn_wu_jian_council_hall,
          grunt_qazlal_clouds, uniq_sigmund

Skill      XL: |  1  2  3 |
---------------+----------+-----
Stealth        | 1 2 3 |  3.4
Dodging        | 4 |  4.4
Fighting       | 3 |  3.1
Short Blades   | |  2.1
Invocations    | |  1.7

Action                   |  1- 3 |  4- 6 || total
-------------------------+-------+-------++-------
Melee: Short sword       |   162 |    24 ||   186
Throw: Dart              |    15 |       ||    15
Invok: Bend Space        |     2 |       ||     2
  Use: Potion            |     2 |       ||     2
       Scroll            |     1 |       ||     1
 Stab: Sleeping          |     7 |       ||     7
Armor: Robe              |    16 |     3 ||    19
Dodge: Dodged            |   119 |    25 ||   144

Table legend: (Time is in decaauts)
 A = Elapsed time spent in this place.
 B = Non-inter-level travel time spent in this place.
 C = Inter-level travel time spent in this place.
 D = Time resting spent in this place.
 E = Time spent auto-exploring this place.
 F = Levels seen in this place.
 G = Mean time per level.
                   A        B        C        D        E       F      G
               +--------+--------+--------+--------+--------+-----+--------+
         Total |   2605 |   2495 |    110 |    755 |   1208 |   4 |  651.2 |
       Dungeon |   2594 |   2484 |    110 |    755 |   1207 |   3 |  864.7 |
         Abyss |     11 |     11 |      0 |      0 |      1 |   1 |   11.0 |
               +--------+--------+--------+--------+--------+-----+--------+

Top non-repeatable levels by time:
     D:1: 1334 daAuts
     D:2: 950 daAuts
     D:3: 308 daAuts
 Abyss:1: 11 daAuts
